 Dungeon Crawl Stone Soup version 0.30-a0-777-ga9a30cbeda (webtiles) character file.

Game seed: 2707059126856301967

192 qeuew the Trooper (level 5, -3/42 HPs)
             Began as a Demonspawn Monk on Feb 14, 2023.
             Slain by a gnoll
             ... wielding a +0 club
             ... led by a gnoll bouda
              (4 damage)
             ... on level 3 of the Dungeon.
             The game lasted 00:03:16 (2076 turns).

qeuew the Trooper (Demonspawn Monk)                 Turns: 2076, Time: 00:03:17

Health: -3/42      AC:  7    Str: 11    XL:     5   Next: 42%
Magic:  5/5        EV: 11    Int: 11    God:
Gold:   104        SH:  0    Dex: 16    Spells: 4/4 levels left

rFire   . . .      SeeInvis .    a - +0 hand axe
rCold   . . .      Faith    .    (no shield)
rNeg    . . .      Spirit   .    h - +0 ring mail
rPois   .          Reflect  .    (no helmet)
rElec   .          Harm     .    (no cloak)
rCorr   .          Rampage  .    (no gloves)
Will    .....      Clarity  +    (no boots)
Stlth   +                        (no amulet)
HPRegen 0.00/turn                (no ring)
MPRegen 0.09/turn                (no ring)

@: weakened, inhibited regen
A: claws 1, yellow scales 1, clarity, screaming 1, inhibited regeneration, weak
1
a: no special abilities


You were on level 3 of the Dungeon.
You visited 1 branch of the dungeon, and saw 3 of its levels.

You collected 104 gold pieces.

Inventory:

Hand Weapons
 a - a +0 hand axe (weapon)
Armour
 h - a +0 ring mail (worn)
Wands
 b - a wand of mindburst (8)
Scrolls
 d - a scroll of enchant weapon {unknown}
 g - 2 scrolls of teleportation
 k - a scroll of identify
Potions
 c - 2 potions of ambrosia
 e - 2 potions of curing


   Skills:
 + Level 4.0 Fighting
 + Level 3.6 Axes
 + Level 2.1 Armour
 + Level 3.6 Dodging
 - Level 1.7 Stealth


You had 4 spell levels left.
You didn't know any spells.
Your spell library contained the following spells:

 Spells                   Type           Power      Damage    Failure   Level
 Kiss of Death            Conj/Necr      0%         2d5       63%         1
 Slow                     Hex            0%         N/A       63%         1
 Confusing Touch          Hex            0%         N/A       94%         3
 Vampiric Draining        Necr           0%         2d6       94%         3
 Dispel Undead            Necr           0%         3d6       100%        4


Dungeon Overview and Level Annotations

Branches:
Dungeon (3/15)

Altars:
Qazlal


Innate Abilities, Weirdness & Mutations

You have sharp fingernails.
You are partially covered in yellow scales. (AC +2)
You possess an exceptional clarity of mind.
You occasionally shout uncontrollably at your foes.
You do not regenerate when monsters are visible.
You are weak. (Str -2)


Message History

You are too injured to fight recklessly!
You are too injured to fight recklessly!
You are too injured to fight recklessly!
You are too injured to fight recklessly!
You are too injured to fight recklessly!
You are too injured to fight recklessly!
You are too injured to fight recklessly!
You are too injured to fight recklessly!
You are too injured to fight recklessly!
You are too injured to fight recklessly!
You are too injured to fight recklessly!
You are too injured to fight recklessly!
Unknown command.
You hit the gnoll.
The gnoll is moderately wounded.
You hit the gnoll bouda. You hit the gnoll.
The gnoll hits you but does no damage. The gnoll barely misses you.
The gnoll hits you from afar with a +0 halberd.
* * * LOW HITPOINT WARNING * * *
The gnoll bouda gazes fiercely through you!
You feel your attacks grow feeble.
The gnoll bouda hits you but does no damage.
You hit the gnoll.
The gnoll is heavily wounded.
You barely miss the gnoll bouda. You barely miss the gnoll.
The gnoll hits you with a +0 whip.
* * * LOW HITPOINT WARNING * * *
The gnoll barely misses you. x2
The gnoll bouda calls upon its god to heal the gnoll.
The gnoll is healed somewhat.
You hit the gnoll.
The gnoll is heavily wounded.
You hit the gnoll.
You hit the gnoll bouda but do no damage.
The gnoll hits you but does no damage. The gnoll barely misses you.
The gnoll hits you from afar with a +0 halberd.
* * * LOW HITPOINT WARNING * * *
The gnoll bouda calls upon its god to heal the gnoll.
The gnoll is healed somewhat.
The gnoll hits you with a +0 club.
You die...

#.............
#.............
#.............
#.............
#.............
#.....g......#
#......g....#
#....g@gb..# #####
#######.#.###
....######..!....#
#
..#.....<#.#######
..########.#
.#)........#
##.#########
##.##.# ##....#


You could see a gnoll bouda, 3 gnolls and a bat.

Vanquished Creatures
  An orc priest (D:2)
  Ijyb (D:3)
  2 orc wizards (D:2)
  An adder (D:2)
  2 worms
  3 dart slugs (D:1)
  An orc (D:2)
  8 bats
  6 endoplasms
  2 giant cockroaches
  6 goblins
  3 hobgoblins (D:2)
  3 jackals (D:2)
  6 kobolds
  6 quokkas
  5 ball pythons
  4 frilled lizards
  5 rats
65 creatures vanquished.

Notes
Turn   | Place    | Note
-------+----------+-------------------------------------------
     0 | D:1      | qeuew the Demonspawn Monk began the quest for the Orb.
     0 | D:1      | Reached XP level 1. HP: 18/18 MP: 1/1
   133 | D:1      | Gained mutation: You have sharp fingernails. [demonic
                  | ancestry]
   133 | D:1      | Reached XP level 2. HP: 20/24 MP: 2/2
   655 | D:1      | Reached skill level 1 in Armour
   663 | D:1      | Reached XP level 3. HP: 24/29 MP: 3/3
  1049 | D:2      | Reached XP level 4. HP: 32/35 MP: 4/4
  1690 | D:2      | Found a faded altar of an unknown god.
  1797 | D:2      | Gained mutation: You are partially covered in yellow
                  | scales. (AC +2) [demonic ancestry]
  1797 | D:2      | Reached XP level 5. HP: 28/42 MP: 5/5
  1876 | D:2      | Gained mutation: You are weak. (Str -2) [potion of
                  | mutation]
  1876 | D:2      | Gained mutation: You have an increased reservoir of magic.
                  | (+10% MP) [potion of mutation]
  1876 | D:2      | Gained mutation: You are strong-willed. (Will+) [potion of
                  | mutation]
  1877 | D:2      | Lost mutation: You have an increased reservoir of magic.
                  | (+10% MP) [potion of mutation]
  1877 | D:2      | Lost mutation: You are strong-willed. (Will+) [potion of
                  | mutation]
  1877 | D:2      | Gained mutation: You possess an exceptional clarity of
                  | mind. [potion of mutation]
  1877 | D:2      | Gained mutation: You do not regenerate when monsters are
                  | visible. [potion of mutation]
  1877 | D:2      | Gained mutation: You occasionally shout uncontrollably at
                  | your foes. [potion of mutation]
  1924 | D:3      | Noticed Ijyb
  1936 | D:3      | Killed Ijyb
  1937 | D:3      | Reached skill level 4 in Fighting
  2026 | D:3      | Found a stormy altar of Qazlal.
  2075 | D:3      | HP: 2/42 [gnoll/+0 whip[a gnoll bouda] (5)]
  2076 | D:3      | Slain by a gnoll

Illustrated notes

Levels and vault maps discovered:
D:1:      ncdulo_halloftheorcs, layout_basic, minmay_misc_feat_encased,
          minmay_octomino_c4
D:2:      layout_basic, chequers_ecumenical_altar_twisty, nicolae_eternal_life,
          grunt_decor_fettered
D:3:      layout_basic, nicolae_qazlal_scattered_showers,
          kennysheep_okawaru_gauntlet, minmay_checkerbox, uniq_ijyb,
          uniq_terence

Skill      XL: |  1  2  3  4  5 |
---------------+----------------+-----
Dodging        | 3 |  3.6
Axes           | 3 |  3.6
Armour         | 1 2 |  2.1
Fighting       | 4 |  4.0
Stealth        | |  1.7

Action                     |  1- 3 |  4- 6 || total
---------------------------+-------+-------++-------
  Melee: Hand axe          |   111 |   123 ||   234
         Punch             |     1 |     2 ||     3
    Use: Scroll            |     6 |       ||     6
         Potion            |     2 |     3 ||     5
   Stab: Sleeping          |     2 |       ||     2
 Armour: Robe              |     7 |       ||     7
         Ring mail         |    43 |    52 ||    95
  Dodge: Dodged            |    69 |    77 ||   146

Table legend: (Time is in decaauts)
 A = Elapsed time spent in this place.
 B = Non-inter-level travel time spent in this place.
 C = Inter-level travel time spent in this place.
 D = Time resting spent in this place.
 E = Time spent auto-exploring this place.
 F = Levels seen in this place.
 G = Mean time per level.
                   A        B        C        D        E       F      G
               +--------+--------+--------+--------+--------+-----+--------+
         Total |   2108 |   2062 |     46 |      0 |   1575 |   3 |  702.7 |
       Dungeon |   2108 |   2062 |     46 |      0 |   1575 |   3 |  702.7 |
               +--------+--------+--------+--------+--------+-----+--------+

Top non-repeatable levels by time:
     D:2: 1103 daAuts
     D:1: 830 daAuts
     D:3: 175 daAuts
